 Dungeon Crawl Stone Soup version 0.24-b1-44-g37ad8b309f (webtiles) character file.

Game seed: 4719169684826271585, levelgen mode: deterministic

2240 Mrkan the Basher (level 9, -3/57 HPs)
             Began as a Gargoyle Fighter on Oct 24, 2019.
             Was a Believer of the Shining One.
             Splashed by a jelly's acid (5 damage)
             ... on level 6 of the Dungeon.
             The game lasted 00:08:46 (4961 turns).

Mrkan the Basher (Gargoyle Fighter)                 Turns: 4961, Time: 00:08:47

Health: -3/57      AC: -1    Str: 23    XL:     9   Next: 36%
Magic:  13/13      EV:  7    Int:  9    God:    the Shining One [**....]
Gold:   257        SH:  9    Dex:  9    Spells: 8/8 levels left

rFire    . . .     SeeInvis .   y - +0 morningstar
rCold    . . .     Gourm    .   c - +0 shield
rNeg     + + .     Faith    .   b - +0 scale mail
rPois    ∞         Spirit   .   u - +0 helmet
rElec    +         Reflect  .   (no cloak)
rCorr    .         Harm     .   (no gloves)
MR       .....                  (no boots)
Stlth    ..........             (no amulet)
HPRegen  0.19/turn              (no ring)
MPRegen  0.13/turn              (no ring)

@: corroded, glowing
A: negative energy resistance 1, electricity resistance, unbreathing,
petrification resistance, rot immunity, AC +6
a: Divine Shield, Renounce Religion


You were on level 6 of the Dungeon.
You worshipped the Shining One.
The Shining One was pleased with you.
You were not hungry.

You visited 1 branch of the dungeon, and saw 6 of its levels.
You also visited: Sewer.

You collected 257 gold pieces.

Inventory:

Hand Weapons
 y - a +0 morningstar (weapon)
Missiles
 e - 222 stones (quivered)
 o - 4 atropa-tipped darts
Armour
 b - a +0 scale mail (worn)
 c - a +0 shield (worn)
 u - a +0 helmet (worn)
 C - a +0 pair of gloves
Jewellery
 i - an uncursed amulet of the gourmand {unknown}
 q - a +4 ring of intelligence {unknown}
 s - an uncursed ring of resist corrosion {unknown}
 F - an uncursed ring of fire {unknown}
Wands
 a - a wand of polymorph (14)
 E - a wand of scattershot (6)
Scrolls
 g - 2 scrolls of magic mapping {unknown}
 j - 2 scrolls of enchant armour {unknown}
 k - 7 scrolls of identify {unknown}
 m - 3 scrolls of amnesia {unknown}
 n - 2 scrolls of enchant weapon {unknown}
 p - a scroll of fear {unknown}
 r - 3 scrolls of teleportation {unknown}
 t - 3 scrolls of immolation {unknown}
 v - 2 scrolls of fog {unknown}
 x - 2 scrolls of remove curse {unknown}
 D - a scroll of vulnerability {unknown}
Potions
 d - a potion of might
 h - 4 potions of curing {unknown}
 l - 5 potions of heal wounds {unknown}
 z - 3 potions of lignification {unknown}
 A - a potion of invisibility {unknown}
 B - a potion of flight {unknown}
Comestibles
 f - 7 rations
 w - a chunk of flesh


   Skills:
 + Level 7.4 Fighting
 * Level 8.9 Maces & Flails
 - Level 3.2 Armour
 - Level 3.7 Shields
 + Level 6.2 Invocations


You had 8 spell levels left.
You didn't know any spells.
Your spell library contained the following spells:

 Spells                   Type           Power        Failure   Level  Hunger
 Confusing Touch          Hex            #.....       99%         1    ##.....
 Confuse                  Hex            #.......     100%        3    ####...
 Gell's Gravitas          Tloc           #.........   100%        3    ####...
 Petrify                  Tmut/Erth      #.......     100%        4    #####..
 Metabolic Englaciation   Hex/Ice        #.........   100%        5    ######.
 Yara's Violent Unravell  Hex/Tmut       #.........   100%        5    ######.


Dungeon Overview and Level Annotations

Branches:
Dungeon (6/15)             Temple (0/1) D:5           Sewer (visited)

Altars:
The Shining One

Shops:
D:5 ?

Annotations:
D:4 2 transporters, fritzmikael's ghost, amateur DEEE


Innate Abilities, Weirdness & Mutations

You are resistant to torment.
Your stone body is resilient. (AC +6)
You are immune to poison.
You resist negative energy. (rN+)
You are resistant to electric shocks. (rElec)
You can survive without breathing.
You are immune to petrification.
You are immune to rotting.


Message History

The jelly is almost dead.
The jelly hits you.
You are splashed with acid.
* * * LOW HITPOINT WARNING * * *
You hit the jelly but do no damage.
Your hands burn!
* * * LOW HITPOINT WARNING * * *
The jelly is almost dead.
The jelly hits you.
* * * LOW HITPOINT WARNING * * *
You are splashed with acid!
* * * LOW HITPOINT WARNING * * *
You completely miss the jelly.
The jelly is almost dead.
The jelly hits you but does no damage.
You hit the jelly but do no damage.
Your hands burn!
* * * LOW HITPOINT WARNING * * *
The jelly is almost dead.
You block the jelly's attack. The jelly hits you.
* * * LOW HITPOINT WARNING * * *
The acid corrodes you!
You are splashed with acid.
You die...

.....# ....##
.....####
.......##
#.......
#..... #.#
#..J# ..#
#.@# #.# #..#
#.## #..#
#..### #..##
#....###
#...##
#......##
##...##
##.......##
##...###
###..####...#
##....##
.....# ##.)##
##.(..#


You could see a jelly.

Vanquished Creatures
  Prince Ribbit (D:5)
  Grinder (D:4)
  Eustachio (D:5)
  Sigmund (D:3)
  A phantom (D:6)
  An ogre (D:4)
  9 big kobolds (Sewer)
  A bullfrog (D:6)
  2 howler monkeys (D:5)
  2 orc priests
  5 orc wizards
  A hound (D:4)
  5 worker ants
  Ijyb (D:4)
  10 adders
  2 river rats
  3 oozes (Sewer)
  An adder skeleton (D:4)
  10 worms
  A dart slug (D:1)
  3 leopard geckos
  12 orcs
  3 bats
  7 giant cockroaches
  7 hobgoblins
  20 jackals
  9 kobolds
  A quokka (D:3)
  2 ball pythons (D:3)
  4 frilled lizards
  7 goblins
  A quokka skeleton (D:4)
  14 rats
149 creatures vanquished.

Vanquished Creatures (others)
  6 plants (D:4)
6 creatures vanquished.

Grand Total: 155 creatures vanquished

Notes
Turn   | Place    | Note
-------+----------+-------------------------------------------
     0 | D:1      | Mrkan the Gargoyle Fighter began the quest for the Orb.
     0 | D:1      | Reached XP level 1. HP: 14/14 MP: 1/1
   216 | D:1      | Reached XP level 2. HP: 19/19 MP: 2/2
   908 | D:2      | Reached XP level 3. HP: 18/23 MP: 3/3
  1167 | D:2      | Found a faded altar of an unknown god.
  1186 | D:2      | Became a worshipper of the Shining One
  1186 | D:2      | Reached * piety under the Shining One
  1332 | D:2      | Reached skill level 3 in Maces & Flails
  1612 | D:3      | Reached XP level 4. HP: 29/29 MP: 4/4
  1677 | D:3      | You fall into a shaft and drop 1 floor!
  1714 | D:4      | Reached skill level 1 in Invocations
  1717 | D:4      | Reached XP level 5. HP: 4/33 MP: 4/6
  1718 | D:4      | HP: 1/33 [orc/+0 short sword (2)]
  1855 | D:3      | Reached skill level 4 in Maces & Flails
  1937 | D:3      | Found a glowing drain.
  1973 | Sewer    | Entered a sewer
  1995 | Sewer    | Noticed a big kobold
  2006 | Sewer    | Killed a big kobold
  2006 | Sewer    | Reached XP level 6. HP: 27/39 MP: 7/7
  2053 | Sewer    | Reached skill level 5 in Maces & Flails
  2220 | Sewer    | Reached skill level 5 in Fighting
  2220 | Sewer    | Reached XP level 7. HP: 19/44 MP: 9/9
  2439 | Sewer    | Reached ** piety under the Shining One
  2458 | Sewer    | Reached skill level 6 in Maces & Flails
  2626 | Sewer    | Reached XP level 8. HP: 51/51 MP: 11/11
  2743 | D:3      | Noticed Sigmund
  2759 | D:3      | Killed Sigmund
  3207 | D:4      | Identified the +6 spear of Pequcat {venom, rPois Int+3}
  3207 | D:4      | Identified the cursed +0 ring mail of Dilaum {+Blink rN+}
  3207 | D:4      | Identified the +2 shield of Insatiable Hunger {-Cast rPois
                  | rN+ SInv}
  3289 | D:4      | Noticed Ijyb
  3348 | D:4      | Killed Ijyb
  3432 | D:4      | Reached skill level 7 in Maces & Flails
  3577 | D:4      | Found a transporter.
  3584 | D:4      | Found a transporter.
  3689 | D:4      | Noticed fritzmikael's ghost (amateur DEEE)
  3750 | D:4      | Noticed Grinder
  3756 | D:4      | Paralysed by Grinder for 7 turns
  3769 | D:4      | Paralysed by Grinder for 7 turns
  3812 | D:4      | Paralysed by Grinder for 2 turns
  3815 | D:4      | Killed Grinder
  3815 | D:4      | Reached skill level 5 in Invocations
  4079 | D:5      | Entered Level 5 of the Dungeon
  4094 | D:5      | Noticed Eustachio
  4129 | D:5      | Killed Eustachio
  4129 | D:5      | Reached skill level 8 in Maces & Flails
  4158 | D:5      | Reached XP level 9. HP: 29/56 MP: 13/13
  4183 | D:5      | Noticed Prince Ribbit
  4189 | D:5      | Killed Prince Ribbit
  4203 | D:5      | Found a staircase to the Ecumenical Temple.
  4570 | D:5      | Found Plog's Magic Scroll Emporium.
  4961 | D:6      | HP: 2/57 [jelly (1)]
  4961 | D:6      | Splashed by a jelly's acid

Skill      XL: |  1  2  3  4  5  6  7  8  9 |
---------------+----------------------------+-----
Maces & Flails | 3 4 5 6 8 |  8.9
Fighting       | 4 5 6 7 |  7.4
Invocations    | 1 2 3 4 5 6 |  6.2
Armour         | |  3.2
Shields        | |  3.7

Action                   |  1- 3 |  4- 6 |  7- 9 || total
-------------------------+-------+-------+-------++-------
Melee: Flail             |   143 |   170 |   124 ||   437
       Morningstar       |       |       |   165 ||   165
       Unarmed           |       |       |    35 ||    35
  Use: Potion            |       |       |     2 ||     2
  Eat: Chunk             |     2 |     2 |    11 ||    15
Armor: Scale mail        |   102 |    84 |   135 ||   321
Dodge: Dodged            |    59 |    49 |    96 ||   204
Block: Shield            |    79 |    72 |   119 ||   270
